 Dungeon Crawl Stone Soup version 0.27-a0-679-g77a6b55cf3 (webtiles) character file.

Game seed: 12483654426899164274

122 CurlyBrace the Sneak (level 4, 0/22 HPs)
             Began as a Felid Monk on Mar 18, 2021.
             Succumbed to a scorpion's poison
             ... on level 4 of the Dungeon.
             The game lasted 00:02:23 (309 turns).

CurlyBrace the Sneak (Felid Monk)                    Turns: 309, Time: 00:02:24

Health: 0/22       AC:  1    Str:  7    XL:     4   Next: 78%
Magic:  5/5        EV: 19    Int: 12    God:
Gold:   44         SH:  0    Dex: 18    Spells: 3/3 levels left
                                        Lives:  0   Deaths: 1

rFire    . . .     SeeInvis +     - Unarmed
rCold    . . .     Faith    .   (shield unavailable)
rNeg     . . .     Spirit   .   (armour unavailable)
rPois    .         Reflect  .   (helmet unavailable)
rElec    .         Harm     .   (cloak unavailable)
rCorr    .         Rampage  .   (gloves unavailable)
Will     .....                  (boots unavailable)
Stlth    +++.......             (no amulet)
HPRegen  0.07/turn              (no ring)
MPRegen  0.09/turn              (no ring)

@: lethally poisoned (0 -> -13), quick
A: very small, claws 1, fangs 3, see invisible, speed 1, shaggy fur 1, stealthy
paws, no weapons or thrown items, no armour, multi-lived
a: no special abilities


You were on level 4 of the Dungeon.
You visited 1 branch of the dungeon, and saw 4 of its levels.

You collected 44 gold pieces.

Inventory:

Scrolls
 a - a scroll of teleportation {unknown}
 b - a scroll of amnesia {unknown}


   Skills:
 * Level 4.3 Fighting
 + Level 4.3 Dodging
 + Level 4.3 Stealth
 * Level 4.3 Unarmed Combat


You had 3 spell levels left.
You didn't know any spells.
Your spell library was empty.

Dungeon Overview and Level Annotations

Branches:
Dungeon (4/15)
 Temple: D:4-7

Altars:
Fedhas
Qazlal
Ru

Shops:
D:3 ?


Innate Abilities, Weirdness & Mutations

You have sharp claws.
You have razor-sharp teeth.
You have supernaturally acute eyesight. (SInv)
You cover ground quickly. (Speed+)
You are covered in fur. (AC +1)
Your stealthy paws help you sneak and pounce on unaware monsters.
You are incapable of wielding weapons or throwing items.
You cannot wear armour.
You gain extra lives every three experience levels.


Message History

You closely miss the scorpion.
The scorpion is lightly wounded.
The scorpion stings you!
Unknown command.
You scratch the scorpion but do no damage.
The scorpion is lightly wounded.
The scorpion completely misses you.
Unknown command.
You scratch the scorpion.
The scorpion is moderately wounded.
The scorpion barely misses you.
Unknown command.
You scratch the scorpion but do no damage.
The scorpion is moderately wounded.
The scorpion misses you.
Unknown command.
You scratch the scorpion.
The scorpion is moderately wounded.
The scorpion completely misses you.
Unknown command.
You closely miss the scorpion.
The scorpion is moderately wounded.
The scorpion barely misses you.
Unknown command.
You scratch the scorpion but do no damage.
The scorpion is moderately wounded.
The scorpion stings you!
* * * LOW HITPOINT WARNING * * *
You are lethally poisoned!
The scorpion poisons you!
Unknown command.
* * * LOW HITPOINT WARNING * * *
You feel sick.
* * * LOW HITPOINT WARNING * * *
You feel sick.
* * * LOW HITPOINT WARNING * * *
You feel sick.
You scratch the scorpion.
The scorpion is heavily wounded.
You die...

#. .# #! . ##.#. #.#
###...######.#
#E#...#E#.##.# #####
####...###.##.# ....#
#......@...##.##(...#
.##...._s....#........#
......................#
..###...###†....###
#E#..)#E##†#....#
###...####.#.##.###
....###...#......#
####..............#
#######........#


You could see an earth elemental, a water elemental, a fire elemental, an air
elemental and a scorpion.

Vanquished Creatures
  An ogre (D:4)
  A hound (D:4)
  A worker ant (D:4)
  3 adders
  A dart slug (D:2)
  A ball python (D:3)
  A leopard gecko skeleton (D:4)
  2 rats
11 creatures vanquished.

Notes
Turn   | Place    | Note
-------+----------+-------------------------------------------
     0 | D:1      | CurlyBrace the Felid Monk began the quest for the Orb.
     0 | D:1      | Reached XP level 1. HP: 10/10 MP: 2/2
    39 | D:2      | Found a sacrificial altar of Ru.
    39 | D:2      | Found a blossoming altar of Fedhas.
    61 | D:2      | Reached XP level 2. HP: 9/14 MP: 3/3
   151 | D:3      | Found Noablur's Magic Scroll Shoppe.
   257 | D:4      | Reached XP level 3. HP: 17/17 MP: 4/4
   263 | D:4      | Noticed an ogre
   265 | D:4      | Noticed a fire elemental
   267 | D:4      | Found a stormy altar of Qazlal.
   273 | D:4      | Reached XP level 4. HP: 4/22 MP: 5/5
   277 | D:4      | HP: 1/22 [poisoned by a worker ant]
   278 | D:4      | Succumbed to a worker ant's poison
   279 | D:4      | Reached XP level 3. HP: 0/18 MP: 4/4
   284 | D:4      | Noticed a water elemental
   284 | D:4      | Noticed an earth elemental
   284 | D:4      | Noticed an air elemental
   286 | D:4      | Noticed a scorpion
   294 | D:4      | Killed an ogre
   295 | D:4      | Reached XP level 4. HP: 22/22 MP: 5/5
   308 | D:4      | HP: 1/22 [poisoned by a scorpion]
   309 | D:4      | Succumbed to a scorpion's poison

Illustrated notes

Levels and vault maps discovered:
D:1:      nzn_arrival_water_spiral, layout_loops_corners
D:2:      layout_loops_ring, gammafunk_temple_overflow_wave,
          nicolae_sif_muna_condensation, chequers_serial_rivers_room_b
D:3:      layout_basic, lemuel_zombie_altar_yredelemnul, serial_shops, shop,
          nicolae_shop_waterfront, shop
D:4:      minmay_chambers_of_threes, layout_rooms,
          nicolae_qazlal_style_of_elements, overflow_temple_1_default,
          minmay_temple_entry_stoned_glass

Skill      XL: |  1  2  3 |
---------------+----------+-----
Stealth        | 3 4 |  4.3
Fighting       | 4 |  4.3
Unarmed Combat | 4 |  4.3
Dodging        | |  4.3

Action                   |  1- 3 |  4- 6 || total
-------------------------+-------+-------++-------
Melee: Unarmed           |    45 |    13 ||    58
       Bite              |     4 |     2 ||     6
 Stab: Sleeping          |     3 |       ||     3
Armor: Skin              |     1 |       ||     1
Dodge: Dodged            |    40 |     9 ||    49

Table legend: (Time is in decaauts)
 A = Elapsed time spent in this place.
 B = Non-inter-level travel time spent in this place.
 C = Inter-level travel time spent in this place.
 D = Time resting spent in this place.
 E = Time spent auto-exploring this place.
 F = Levels seen in this place.
 G = Mean time per level.
                   A        B        C        D        E       F      G
               +--------+--------+--------+--------+--------+-----+--------+
         Total |    262 |    262 |      0 |      0 |      0 |   4 |   65.5 |
       Dungeon |    262 |    262 |      0 |      0 |      0 |   4 |   65.5 |
               +--------+--------+--------+--------+--------+-----+--------+

Top non-repeatable levels by time:
     D:3: 105 daAuts
     D:2: 91 daAuts
     D:4: 48 daAuts
     D:1: 16 daAuts
